 Dungeon Crawl Stone Soup version 0.30-a0-696-g2367cd04db (webtiles) character file.

Game seed: 14481802113340280686

26333 IdlyInterested the Bludgeoner (level 12, -10/88 HPs)
             Began as a Demonspawn Gladiator on Jan 19, 2023.
             Mangled by a large slime creature (26 damage)
             ... on level 14 of the Dungeon on Jan 20, 2023.
             The game lasted 00:52:58 (14373 turns).

IdlyInterested the Bludgeoner (DsGl)               Turns: 14373, Time: 00:52:59

Health: -10/88     AC: 19    Str: 25    XL:     12   Next: 97%
Magic:  0/21       EV: 13    Int:  9    God:
Gold:   546        SH:  0    Dex: 16    Spells: 11/11 levels left

rFire   + + .      SeeInvis +    N - +5 dire flail
rCold   x x .      Faith    .    (shield currently unavailable)
rNeg    . . .      Spirit   +    L - +3 salamander hide armour {Flames, rFlCloud rF++ rC--}
rPois   +          Reflect  .    (helmet unavailable)
rElec   .          Harm     .    A - +2 cloak {rPois}
rCorr   .          Rampage  .    (no gloves)
Will    .....                    x - +2 pair of boots
Stlth   ++                       (no amulet)
HPRegen 1.34/turn                p - +6 ring of strength
MPRegen 0.34/turn                s - +4 ring of protection

@: studying Unarmed Combat
A: antennae 3, yellow scales 1, powered by death 2, magic shield, magic
regeneration
a: no special abilities


You were on level 14 of the Dungeon.
You visited 2 branches of the dungeon, and saw 15 of its levels.
You also visited: Ossuary.

You collected 920 gold pieces.
You spent 374 gold pieces at shops.

Inventory:

Hand Weapons
 H - a +0 morningstar
 N - a +5 dire flail (weapon)
Missiles
 c - 42 poisoned darts (quivered)
 d - 4 throwing nets
 P - 3 curare-tipped darts
 Q - a silver boomerang
 Y - 6 boomerangs
 Z - 8 javelins
Armour
 w - an orb of wrath
 x - a +2 pair of boots (worn)
 A - a +2 cloak of poison resistance (worn)
 J - a +1 chain mail of cold resistance
 L - the +3 salamander hide armour (worn) {Flames, rFlCloud rF++ rC--}
   (You found it on level 9 of the Dungeon)

   Flames:    It surrounds you with flame clouds and enhances your fire magic.
   rFlCloud:  It grants immunity to flame clouds.
   rF:        It greatly protects you from fire.
   rC:        It makes you very vulnerable to cold.
 R - a +0 kite shield
 V - a +2 robe of positive energy
 W - a +1 leather armour of poison resistance
Magical Staves
 y - a staff of fire
 K - a staff of air
Jewellery
 b - a +5 ring of evasion
 h - a ring of positive energy
 p - a +6 ring of strength (left hand)
 s - a +4 ring of protection (right hand)
 X - a ring of willpower
Wands
 m - a wand of flame (20)
 t - a wand of iceblast (3)
 F - a wand of acid (24)
 G - a wand of charming (12)
 S - a wand of polymorph (5)
Scrolls
 a - a scroll of enchant armour
 f - a scroll of identify
 k - 8 scrolls of fear
 o - 5 scrolls of fog
 q - 7 scrolls of teleportation
 u - a scroll of magic mapping
 D - a scroll of silence
 O - 2 scrolls of enchant weapon
Potions
 g - 3 potions of magic
 i - a potion of invisibility
 j - 3 potions of flight
 l - 12 potions of curing
 n - a potion of cancellation
 v - 2 potions of brilliance
 z - 3 potions of mutation
 B - 5 potions of heal wounds
 E - 3 potions of haste
 I - a potion of resistance
 M - a potion of ambrosia
 T - 2 potions of might
Miscellaneous
 e - a condenser vane
 r - a piece from Xom's chessboard (15/15)
 C - a lightning rod (4/4)


   Skills:
 - Level 6.0 Fighting
 + Level 15.1 Maces & Flails
 * Level 2.1 Throwing
 - Level 6.0 Armour
 - Level 3.0 Dodging
 - Level 3.7 Stealth
 - Level 3.0 Shields
 * Level 13.3 Invocations
 - Level 3.0 Evocations


You had 11 spell levels left.
You didn't know any spells.
Your spell library contained the following spells:

 Spells                   Type           Power      Damage    Failure   Level
 Foxfire                  Conj/Fire      0%         2x1d4     41%         1
 Freeze                   Ice            0%         1d3       41%         1
 Magic Dart               Conj           0%         1d3       41%         1
 Sandblast                Erth           0%         2d4       41%         1
 Slow                     Hex            0%         N/A       41%         1
 Summon Small Mammal      Summ           0%         N/A       41%         1
 Blink                    Tloc           0%         N/A       56%         2
 Cigotuvi's Dreadful Rot  Necr/Pois/Air  0%         N/A       56%         2
 Passwall                 Tmut/Erth      0%         N/A       56%         2
 Searing Ray              Conj           0%         2d4       56%         2
 Sublimation of Blood     Necr           0%         N/A       56%         2
 Wereblood                Tmut           0%         N/A       56%         2
 Call Canine Familiar     Summ           0%         N/A       80%         3
 Confusing Touch          Hex            0%         N/A       80%         3
 Frozen Ramparts          Ice            0%         1d1       80%         3
 Hailstorm                Conj/Ice       0%         3d3       80%         3
 Stone Arrow              Conj/Erth      0%         3d7       80%         3
 Summon Guardian Golem    Hex/Summ       0%         N/A       80%         3
 Vampiric Draining        Necr           0%         2d6       80%         3
 Vhi's Electric Charge    Tloc/Air       0%         N/A       80%         3
 Airstrike                Air            0%         2d(0-16)  99%         4
 Dispel Undead            Necr           0%         3d6       99%         4
 Fulminant Prism          Conj/Hex       0%         3d5       99%         4
 Summon Lightning Spire   Summ/Air       0%         N/A       99%         4
 Arcjolt                  Conj/Air       0%         1d10      100%        5
 Fireball                 Conj/Fire      0%         3d3       100%        5
 Irradiate                Conj/Tmut      0%         3d11      100%        5
 Lightning Bolt           Conj/Air       0%         1d11      100%        5
 Death Channel            Necr           0%         N/A       100%        6
 Dispersal                Tloc           0%         N/A       100%        6
 Starburst                Conj/Fire      0%         6d3       100%        6
 Storm Form               Tmut/Air       0%         N/A       100%        7
 Summon Hydra             Summ           0%         N/A       100%        7
 Maxwell's Capacitive Co  Air            0%         ∞         100%        8


Dungeon Overview and Level Annotations

Branches:
Dungeon (14/15)            Temple (1/1) D:5            Lair (0/5) D:10
    Orc (0/2) D:12        Ossuary (visited)
 Vaults: D:13-14

Altars:
Ashenzari
Cheibriados
Dithmenos
Fedhas
Gozag
Hepliaklqana
Kikubaaqudgha
Makhleb
Nemelex Xobeh
Okawaru
Qazlal
Ru
Sif Muna
Trog
Uskayaw
Vehumet
Wu Jian
Xom
Yredelemnul

Shops:
D:2 *?:!   D:6 (   D:11 [

Portals:
Trove: D:10 (give 8 scrolls of fear)

Annotations:
D:4 2 runed translucent doors


Innate Abilities, Weirdness & Mutations

You have a pair of large antennae on your head. (SInv)
You are partially covered in yellow scales. (AC +2)
You regenerate health from kills.
When hurt, damage is shared between your health and your magic reserves.
You regenerate magic rapidly.


Message History

The slime creature is almost dead.
The centaur warrior shoots an arrow.
The arrow hits you but does no damage.
You puncture the slime creature!
You kill the slime creature!
The slime creature is engulfed in blazing flames.
The slime creature hits you but does no damage.
The boulder beetle is engulfed in blazing flames.
The boulder beetle bites you!
The centaur warrior shoots an arrow.
The arrow barely misses you.
The arrow barely misses the boulder beetle.
You puncture the slime creature!
The slime creature is almost dead.
The centaur warrior shoots an arrow.
The arrow misses you.
The arrow hits the boulder beetle!
The slime creature is engulfed in blazing flames.
You kill the slime creature!
The very large slime creature is engulfed in blazing flames.
A very large slime creature splits.
The boulder beetle is engulfed in blazing flames.
The boulder beetle misses you.
You barely miss the large slime creature.
The large slime creature is moderately wounded.
The centaur warrior shoots an arrow.
The arrow hits you.
You thump the large slime creature!
The large slime creature is heavily wounded.
The large slime creature is engulfed in blazing flames.
The large slime creature hits you. The boulder beetle misses you.
The slime creature is engulfed in blazing flames.
The slime creature hits you!
The centaur warrior shoots an arrow.
The arrow hits you.
You completely miss the large slime creature.
The large slime creature is heavily wounded.
The centaur warrior shoots an arrow.
The arrow hits you but does no damage.
You sock the large slime creature!
The large slime creature is severely wounded.
The boulder beetle bites you!
* * * LOW HITPOINT WARNING * * *
The large slime creature is engulfed in blazing flames.
The large slime creature hits you!!
You die...

###############
...........c...
#............
#....<.......
#....$.......
#...☼☼☼......
#...J@○......
#...JB☼......
#............
#............
#............
..............
#####.#####.!#.
## ..#


You could see a boulder beetle, a large slime creature, a slime creature and a
centaur warrior.

Vanquished Creatures
  Frances (D:13)
  Josephine (D:10)
  A centaur warrior (D:13)
  7 boulder beetles
  2 two-headed ogres
  Nergalle (D:12)
  A wizard (D:10)
  Pikel (D:7)
  3 ugly things
  A cyclops (D:13)
  Joseph (D:7)
  3 kobold demonologists (D:11)
  An efreet (D:9)
  A komodo dragon (D:12)
  A tengu conjurer (D:13)
  A troll (D:9)
  The ghost of Aneyh the Carver, a novice TeMo (D:4)
  3 meliai (D:13)
  3 shadows
  2 vampires
  Sigmund (D:3)
  17 slime creatures
  4 wyverns
  14 yaks
  Eustachio (D:4)
  6 wraiths
  3 steam dragons
  Edmund (D:6)
  2 water moccasins
  An orc warrior (D:12)
  2 black bears
  A boggart (D:9)
  An ogre (D:4)
  6 centaurs
  3 phantoms (D:5)
  6 kobold brigands
  3 bullfrogs
  2 gnoll sergeants
  A necrophage (D:4)
  A water moccasin zombie (Ossuary)
  8 wights
  19 killer bees
  A howler monkey (D:5)
  3 centaur zombies (Ossuary)
  2 bullfrog zombies (Ossuary)
  Crazy Yiuf (D:3)
  8 orc priests
  3 hounds
  Jessica (D:3)
  Natasha (thrice) (D:4)
  5 iguanas
  15 orc wizards
  Ijyb (D:4)
  An ogre zombie (Ossuary)
  A mummy (D:4)
  Robin (D:3)
  11 gnolls
  12 adders
  2 white imps
  An ufetubus (D:4)
  4 adder zombies (Ossuary)
  A worm (D:4)
  2 dart slugs
  42 orcs
  10 ball pythons
  6 endoplasms
  4 giant cockroaches
  4 gnoll zombies (Ossuary)
  23 goblins
  15 hobgoblins
  27 kobolds
  3 quokkas
  4 bats
  4 frilled lizards
  3 goblin zombies (Ossuary)
  3 hobgoblin zombies (Ossuary)
  An orc zombie (Ossuary)
  6 rats
373 creatures vanquished.

Notes
Turn   | Place    | Note
-------+----------+-------------------------------------------
     0 | D:1      | IdlyInterested the Demonspawn Gladiator began the quest for
                  | the Orb.
     0 | D:1      | Reached XP level 1. HP: 16/16 MP: 1/1
    55 | D:1      | Reached skill level 3 in Maces & Flails
   102 | D:1      | Gained mutation: You regenerate magic rapidly. [demonic
                  | ancestry]
   102 | D:1      | Reached XP level 2. HP: 21/22 MP: 2/2
   539 | D:1      | Reached skill level 1 in Invocations
   732 | D:2      | Reached XP level 3. HP: 23/27 MP: 3/3
  1088 | D:2      | Found Raytzad's Magic Scroll Boutique.
  1098 | D:2      | Reached skill level 1 in Stealth
  1198 | D:2      | Found Dokocli's Assorted Antiques.
  1206 | D:2      | Bought a scroll labelled GOENE PUUPAFET for 24 gold pieces
  1206 | D:2      | Bought a scroll labelled ESCHOEROFF for 24 gold pieces
  1299 | D:2      | Gained mutation: You are partially covered in yellow
                  | scales. (AC +2) [demonic ancestry]
  1299 | D:2      | Reached XP level 4. HP: 24/33 MP: 5/5
  1302 | D:2      | You fall into a shaft and drop 1 floor!
  1319 | D:3      | Reached skill level 4 in Maces & Flails
  1555 | D:2      | Found Egaruass's Distillery.
  1783 | D:2      | Found a faded altar of an unknown god.
  1994 | D:2      | Found Jiadugad's Book Shoppe.
  2092 | D:3      | Noticed Robin
  2171 | D:2      | Reached XP level 5. HP: 23/38 MP: 6/6
  2264 | D:3      | Killed Robin
  2564 | D:3      | Found a runed translucent door.
  2565 | D:3      | Noticed Crazy Yiuf
  2613 | D:3      | Noticed Jessica
  2626 | D:3      | Killed Jessica
  2637 | D:3      | Reached skill level 5 in Maces & Flails
  2835 | D:3      | Noticed Sigmund
  2841 | D:3      | Killed Sigmund
  2842 | D:3      | Reached skill level 1 in Evocations
  2842 | D:3      | Reached XP level 6. HP: 44/44 MP: 8/8
  3119 | D:3      | Killed Crazy Yiuf
  3248 | D:4      | Noticed Natasha
  3259 | D:4      | Reached skill level 6 in Maces & Flails
  3261 | D:4      | Killed Natasha
  3262 | D:4      | Gained mutation: When hurt, damage is shared between your
                  | health and your magic reserves. [demonic ancestry]
  3262 | D:4      | Reached XP level 7. HP: 50/50 MP: 9/9
  3306 | D:4      | Noticed Natasha
  3313 | D:4      | Killed Natasha
  3315 | D:4      | Noticed Natasha
  3324 | D:4      | Killed Natasha
  3353 | D:4      | Found a sand-covered staircase.
  3375 | Ossuary  | Entered an ossuary
  3612 | Ossuary  | Reached skill level 7 in Maces & Flails
  3612 | Ossuary  | Reached skill level 1 in Armour
  3637 | Ossuary  | Noticed a silent spectre
  3822 | D:4      | Found a large runed translucent door.
  3822 | D:4      | Found a large runed translucent door.
  3974 | D:4      | Gained mutation: You regenerate a little health from kills.
                  | [demonic ancestry]
  3974 | D:4      | Reached XP level 8. HP: 56/56 MP: 11/11
  3987 | D:4      | Noticed Eustachio
  4009 | D:4      | Killed Eustachio
  4010 | D:4      | Reached skill level 5 in Invocations
  4201 | D:4      | Found a runed translucent door.
  4207 | D:4      | Noticed Aneyh's ghost (novice TeMo)
  4234 | D:4      | Noticed Ijyb
  4246 | D:4      | Killed Ijyb
  4477 | D:4      | Found a large runed translucent door.
  4477 | D:4      | Found a large runed translucent door.
  4836 | D:4      | Reached skill level 8 in Maces & Flails
  5081 | D:4      | Killed Aneyh's ghost
  5156 | D:2      | Bought a potion of ambrosia for 104 gold pieces
  5330 | D:5      | Entered Level 5 of the Dungeon
  5542 | D:5      | Gained mutation: You have a pair of small antennae on your
                  | head. [demonic ancestry]
  5542 | D:5      | Reached XP level 9. HP: 62/62 MP: 11/13
  5771 | D:5      | Reached skill level 9 in Maces & Flails
  5865 | D:5      | Found a staircase to the Ecumenical Temple.
  5908 | Temple   | Entered the Ecumenical Temple
  5908 | Temple   | Found a transporter.
  5908 | Temple   | Found a transporter.
  5910 | Temple   | Found a transporter.
  5910 | Temple   | Found a transporter.
  6285 | D:2      | Bought a scroll of enchant weapon for 82 gold pieces
  6641 | D:6      | Noticed Edmund
  6645 | D:6      | Found a faded altar of an unknown god.
  6646 | D:6      | Found a hazy altar of Hepliaklqana.
  6660 | D:6      | Killed Edmund
  7160 | D:6      | Found an ornate altar of the Wu Jian Council.
  7160 | D:6      | Found a shimmering altar of Xom.
  7550 | D:6      | Found Riur's Antique Weapon Shoppe.
  7730 | D:2      | Bought a potion of might for 52 gold pieces
  7749 | D:2      | Bought a scroll of fear for 44 gold pieces
  7837 | D:7      | Noticed Pikel
  7850 | D:7      | Killed Pikel
  7851 | D:7      | Reached skill level 10 in Maces & Flails
  7945 | D:7      | Noticed Joseph
  7975 | D:7      | Killed Joseph
  7976 | D:7      | Gained mutation: You regenerate health from kills. [demonic
                  | ancestry]
  7976 | D:7      | Reached XP level 10. HP: 50/71 MP: 11/16
  8869 | D:2      | Bought a scroll of immolation for 44 gold pieces
  9446 | D:8      | Reached skill level 11 in Maces & Flails
  9799 | D:8      | Reached skill level 5 in Fighting
 10262 | D:8      | Upgraded the game from 0.30-a0-691-g754fce4c43 to
                  | 0.30-a0-696-g2367cd04db
 10447 | D:9      | Noticed a two-headed ogre
 10448 | D:9      | Noticed a purple ugly thing
 10449 | D:9      | Noticed a boulder beetle
 10453 | D:9      | Killed a purple ugly thing
 10453 | D:9      | Killed a two-headed ogre
 10465 | D:9      | Killed a boulder beetle
 10466 | D:9      | Reached skill level 12 in Maces & Flails
 10467 | D:9      | Reached skill level 5 in Armour
 10467 | D:9      | Reached skill level 10 in Invocations
 10467 | D:9      | Gained mutation: You have a pair of antennae on your head.
                  | [demonic ancestry]
 10467 | D:9      | Reached XP level 11. HP: 79/79 MP: 16/18
 10756 | D:9      | Found the +3 salamander hide armour {Flames, rFlCloud rF++
                  | rC--}
 11196 | D:10     | Entered Level 10 of the Dungeon
 11234 | D:10     | Noticed Josephine
 11244 | D:10     | Killed Josephine
 11377 | D:10     | Noticed a wizard
 11385 | D:10     | Killed a wizard
 11479 | D:10     | Found a staircase to the Lair.
 11674 | D:10     | Got the Handbook of Translocation and Reconstruction
 11789 | D:10     | Found a portal to a secret trove of treasure.
 11852 | D:11     | Reached skill level 13 in Maces & Flails
 11943 | D:11     | Noticed a two-headed ogre
 11950 | D:11     | Killed a two-headed ogre
 12178 | D:11     | Found Vypydaaps's Antique Armour Emporium.
 12480 | D:12     | Noticed a boulder beetle
 12486 | D:12     | Killed a boulder beetle
 12561 | D:12     | Noticed a boulder beetle
 12579 | D:12     | Gained mutation: You have a pair of large antennae on your
                  | head. (SInv) [demonic ancestry]
 12579 | D:12     | Reached XP level 12. HP: 86/88 MP: 17/20
 12593 | D:12     | Killed a boulder beetle
 12594 | D:12     | Reached skill level 14 in Maces & Flails
 12644 | D:12     | Noticed Nergalle
 12645 | D:12     | Reached skill level 1 in Shields
 12651 | D:12     | Killed Nergalle
 12683 | D:12     | Noticed a boulder beetle
 12724 | D:12     | Killed a boulder beetle
 12854 | D:12     | Found a staircase to the Orcish Mines.
 13345 | D:13     | Noticed Frances
 13353 | D:13     | Killed Frances
 13584 | D:13     | Noticed a centaur warrior
 13593 | D:13     | Killed a centaur warrior
 13688 | D:13     | Noticed a boulder beetle
 13710 | D:13     | Killed a boulder beetle
 13713 | D:13     | Noticed a boulder beetle
 13729 | D:13     | Killed a boulder beetle
 13853 | D:13     | Noticed a boulder beetle
 13867 | D:13     | Killed a boulder beetle
 13868 | D:13     | Reached skill level 15 in Maces & Flails
 14356 | D:14     | Noticed a boulder beetle
 14356 | D:14     | Noticed a centaur warrior
 14373 | D:14     | Mangled by a large slime creature

Illustrated notes

Levels and vault maps discovered:
D:1:      saegor_arrival_miasma, layout_basic
D:2:      layout_basic, nicolae_ecumenical_snake_handling, serial_shops, shop,
          nicolae_shop_behind_doors, nicolae_shop_statue_plus, shop,
          minmay_heptomino_h4
D:3:      layout_basic, chequers_mini_garden, grunt_ministairs_2, uniq_sigmund,
          uniq_robin, uniq_crazy_yiuf_cottage, uniq_jessica
D:4:      layout_cave_pods, ebering_ghost_sewer_d, gup_ossuary_entry_pyramid,
          minmay_misc_feat_ornament, minmay_hollow_rounded_squares, uniq_ijyb,
          uniq_natasha, uniq_eustachio
D:5:      layout_loops_cross, minmay_temple_entry_mist, nrook_pool_corridor
D:6:      layout_basic, nicolae_overflow_two_pavilions,
          beargit_hepliaklqana_dungeon_heroes, serial_shops, shop
D:7:      layout_basic, minmay_misc_feat_iff, minmay_curled_crystal,
          hangedman_abyss_or_decor_jellyfish_corner, uniq_pikel, uniq_joseph
D:8:      layout_gridville
D:9:      layout_roguey, minmay_the_grid_2x2 [minmay_the_grid_spin_star,
          minmay_the_grid_diamond_grid, minmay_the_grid_minigrid_small,
          minmay_the_grid_prize_trominoes]
D:10:     cheibrodos_wizards_tower, layout_cave_pools, lair_entry_dummy,
          enter_trove_6, uniq_josephine
D:11:     layout_rooms, serial_shops, nicolae_shop_trees
D:12:     layout_loops_ring, hiddenorc2_lemuel, uniq_nergalle
D:13:     layout_loops_ring, uniq_frances
D:14:     layout_small_grid, hangedman_vaults_entry_quadrant_bands,
          dk_noncrumbling_4, minmay_microvault, uniq_lodul
Temple:   hellmonk_temple_divided_pantheon

Skill      XL: |  1  2  3  4  5  6  7  8  9 10 11 12 |
---------------+-------------------------------------+-----
Maces & Flails | 3 4 5 6 7 8 10 12 13 15 | 15.1
Throwing       | 2 |  2.1
Invocations    | 1 2 3 4 6 8 10 11 13 | 13.3
Stealth        | 1 2 3 |  3.7
Evocations     | 1 2 3 |  3.0
Armour         | 1 3 5 6 |  6.0
Fighting       | 4 5 6 |  6.0
Dodging        | 3 |  3.0
Shields        | 3 |  3.0

Action                   |  1- 3 |  4- 6 |  7- 9 | 10-12 || total
-------------------------+-------+-------+-------+-------++-------
Melee: Flail             |    79 |       |   141 |     2 ||   222
       Punch             |     1 |       |     5 |       ||     6
       Whip              |    43 |   176 |   371 |   252 ||   842
       Dire flail        |       |       |       |   299 ||   299
Throw: Throwing net      |       |       |     3 |       ||     3
       Dart              |       |       |     2 |     2 ||     4
       Javelin           |       |       |       |     4 ||     4
Evoke: Lightning rod     |       |       |       |     4 ||     4
       Wand              |       |       |       |     2 ||     2
  Use: Scroll            |     9 |     3 |     3 |     9 ||    24
       Potion            |       |     1 |       |     1 ||     2
 Stab: Sleeping          |     1 |       |     4 |     1 ||     6
       Held in net/web   |       |       |     2 |       ||     2
Armor: Leather armour    |    44 |       |       |    91 ||   135
       Ring mail         |     5 |       |       |       ||     5
       Chain mail        |     1 |   116 |   182 |       ||   299
       Steam dragon scal |       |       |    73 |   150 ||   223
Dodge: Dodged            |    74 |   132 |   410 |   367 ||   983
Block: Kite shield       |       |       |       |   114 ||   114

Table legend: (Time is in decaauts)
 A = Elapsed time spent in this place.
 B = Non-inter-level travel time spent in this place.
 C = Inter-level travel time spent in this place.
 D = Time resting spent in this place.
 E = Time spent auto-exploring this place.
 F = Levels seen in this place.
 G = Mean time per level.
                   A        B        C        D        E       F      G
               +--------+--------+--------+--------+--------+-----+--------+
         Total |  14355 |  11924 |   2431 |   1466 |   6825 |  16 |  897.2 |
       Dungeon |  13997 |  11579 |   2418 |   1415 |   6823 |  14 |  999.8 |
        Temple |     44 |     32 |     12 |      0 |      2 |   1 |   44.0 |
       Ossuary |    313 |    313 |      0 |     51 |      0 |   1 |  313.0 |
               +--------+--------+--------+--------+--------+-----+--------+

Top non-repeatable levels by time:
     D:4: 1996 daAuts
     D:2: 1563 daAuts
     D:6: 1402 daAuts
     D:8: 1254 daAuts
     D:3: 1219 daAuts
     D:7: 971 daAuts
     D:5: 971 daAuts
    D:12: 961 daAuts
     D:9: 830 daAuts
    D:13: 778 daAuts
     D:1: 770 daAuts
    D:10: 659 daAuts
    D:11: 606 daAuts
 Ossuary: 313 daAuts
  Temple: 44 daAuts
